 Dungeon Crawl Stone Soup version 0.31-a0-263-ge8cad7f256 (webtiles) character file.

Game seed: 8367664909952861290

39 qw the Shooter (level 3, 0/21 HPs)
             Began as a Gargoyle Hexslinger on July 13, 2023.
             Slain by a goblin
             ... wielding a +0 club
             ... led by Robin
              (6 damage)
             ... on level 2 of the Dungeon.
             The game lasted 00:00:24 (1092 turns).

qw the Shooter (Gargoyle Hexslinger)                Turns: 1092, Time: 00:00:24

Health: 0/21       AC:  6    Str: 11    XL:     3   Next: 45%
Magic:  4/4        EV: 12    Int: 13    God:
Gold:   66         SH:  0    Dex: 14    Spells: 3/4 levels left

rFire   . . .        Y - +0 longbow (freeze)
rCold   . . .        (shield currently unavailable)
rNeg    + . .        c - +0 robe
rPois   inf          (no helmet)
rElec   +            e - +0 cloak
rCorr   .            (no gloves)
SInv    .            (no boots)
Will    .....        (no amulet)
Stlth   +            (no ring)
HPRegen 0.23/turn    (no ring)
MPRegen 0.09/turn

%: no passive effects
@: no status effects
A: sickness immunity, AC +3, negative energy resistance 1, electricity
resistance, torment resistance 1, petrification resistance
a: no special abilities


You were on level 2 of the Dungeon.
You visited 1 branch of the dungeon, and saw 2 of its levels.

You collected 66 gold pieces.


Innate Abilities, Weirdness & Mutations

You are immune to sickness and miasma.
Your stone body is resilient. (AC +3)
You are immune to poison.
You resist negative energy. (rN+)
You are resistant to electric shocks. (rElec)
You are resistant to unholy torment.
You are immune to petrification.


   Skills:
 - Level 2.0 Fighting
 + Level 3.3 Ranged Weapons
 - Level 1.5 Dodging
 - Level 1.0 Spellcasting
 - Level 2.6 Hexes


You had 3 spell levels left.
You knew the following spells:

 Your Spells              Type           Power      Damage    Failure   Level
a - Slow                  Hex            28%        N/A       10%         1

Your spell library contained the following spells:

 Spells                   Type           Power      Damage    Failure   Level
 Inner Flame              Hex/Fire       4%         N/A       43%         3
 Portal Projectile        Hex/Tloc       8%         N/A       43%         3
 Cause Fear               Hex            3%         N/A       67%         4

Inventory:

Hand Weapons
 Y - a +0 longbow of freezing (weapon)
Armour
 c - a +0 robe (worn)
 e - a +0 cloak (worn)
Potions
 g - a potion of might {unknown}

Dungeon Overview and Level Annotations

Branches:
Dungeon (2/15)

Altars:

Annotations:
D:2 Robin, Sigmund


Message History

A goblin comes into view. It is wielding a +0 club.
You shoot an arrow. The arrow barely misses the goblin.
The goblin hits you but does no damage.
You shoot an arrow. The arrow closely misses the goblin.
The goblin closely misses you.
You shoot an arrow. The arrow hits the goblin.
The arrow freezes the goblin.
The goblin is severely wounded.
The goblin closely misses you. The goblin hits you but does no damage.
Sigmund the Dreaded comes into view.
He is wielding a +0 scythe.
A goblin comes into view. It is wielding a +0 club.
You shoot an arrow. The arrow hits the goblin.
The arrow freezes the goblin.
You kill the goblin!
The goblin hits you with a +0 club.
A hobgoblin comes into view.
Robin of the Strong Arm comes into view.
They are wielding a +0 club.
The goblin hits you but does no damage. The goblin completely misses you.
The hobgoblin moves out of view.
You shoot an arrow. The arrow barely misses the goblin.
You hear a shout!
The goblin hits you with a +0 club.
Robin roars a battlecry!
The goblins go into a battle-frenzy!
The goblin barely misses you.
You hear a shout!
You shoot an arrow. The arrow hits the goblin!
The arrow freezes the goblin.
You kill the goblin!
Robin throws the goblin at you! The goblin hits you but does no damage.
Sigmund closely misses you. The goblin closely misses you.
You shoot an arrow. The arrow barely misses Robin.
The goblin closely misses you. The goblin hits you with a +0 club.
Robin roars a battlecry!
The hobgoblin goes into a battle-frenzy!
Sigmund hits you but does no damage.
You shoot an arrow.
The arrow hits Robin but does no damage.
The goblin barely misses you.
A goblin comes into view. It is wielding a +0 club.
The goblin hits you with a +0 club. Robin hits you with a +0 club.
The goblin hits you with a +0 club.
You die...

#........... #.
#........... #.
#........<.. g.
#........... #.
##........... #g
#............ #@
#.....##.#.##
#g#####.....##.#.#
#g@.........##.#.#
........g........##.#..
####.............##.###
########......##..
#......#### #......#
#......# #......#


You could see Sigmund, Robin, a hobgoblin (strong) and 3 goblins.

Vanquished Creatures
  A dart slug (D:1)
  4 endoplasms
  2 giant cockroaches
  6 goblins
  6 hobgoblins (D:1)
  2 jackals (D:1)
  A kobold (D:1)
  A quokka (D:1)
  2 bats (D:1)
  5 rats (D:1)
30 creatures vanquished.

Notes
Turn   | Place    | Note
-------+----------+-------------------------------------------
     0 | D:1      | qw the Gargoyle Hexslinger began the quest for the Orb.
     0 | D:1      | Reached XP level 1. HP: 12/12 MP: 2/2
     0 | D:1      | 0 ||| qw: Version: 0.3-a-52-g30416fa
     0 | D:1      | 0 ||| qw: Game counter: 7116
     0 | D:1      | 0 ||| qw: Melee chars always use a shield: true
     0 | D:1      | 0 ||| qw: God list: Okawaru
     0 | D:1      | 0 ||| qw: Allow faded altars: false
     0 | D:1      | 0 ||| qw: Do Orc after clearing Dungeon:15 true
     0 | D:1      | 0 ||| qw: Do second Lair branch before Depths: true
     0 | D:1      | 0 ||| qw: Lair rune preference: random
     0 | D:1      | 0 ||| qw: Goals: Normal
     0 | D:1      | 0 ||| PLANNING D:1-11
   251 | D:1      | Reached XP level 2. HP: 16/16 MP: 3/3
   292 | D:1      | Reached skill level 3 in Ranged Weapons
   297 | D:1      | 297 ||| FLEEEEING.
   301 | D:1      | 301 ||| FLEEEEING.
   594 | D:1      | Reached XP level 3. HP: 21/21 MP: 4/4
   862 | D:1      | 862 ||| UPGRADING to +0 cloak.
   867 | D:1      | 867 ||| READING scroll labelled DURHAU ESOY.
   868 | D:1      | 868 ||| READING scroll labelled WEFYIXT KETI.
   869 | D:1      | 869 ||| READING scroll labelled TAMNIAZISY.
   869 | D:1      | Identified a scroll of acquirement
   869 | D:1      | 869 ||| ACQUIRING +0 longbow of freezing
   869 | D:1      | Acquired a +0 longbow of freezing
   871 | D:1      | 871 ||| SWAPPING to +0 longbow of freezing.
   872 | D:1      | 872 ||| DROPPING +1 sling.
   873 | D:1      | 873 ||| READING scroll labelled PUMUHE LUC MUB.
   874 | D:1      | 874 ||| DROPPING scroll of poison.
  1087 | D:2      | Noticed Sigmund
  1088 | D:2      | Noticed Robin
  1092 | D:2      | Slain by a goblin

Levels and vault maps discovered:
D:1:      onia_arrival_mini_maze, layout_basic, grunt_decor_mini_mirrors
D:2:      layout_basic, minmay_rat_hole, uniq_sigmund, uniq_robin,
          uniq_crazy_yiuf_cottage

Skill      XL: |  1  2  3 |
---------------+----------+-----
Ranged Weapons | 3 |  3.3
Fighting       | 2 |  2.0
Dodging        | |  1.5
Spellcasting   | |  1.0
Hexes          | |  2.6

Action                     || total
---------------------------++-------
   Fire: Sling             ||    69
         Longbow           ||    15
    Use: Scroll            ||     4
 Armour: Robe              ||    19
  Dodge: Dodged            ||    32

Table legend:
 A = Non-vault XP
 B = Vault XP
 C = Vault XP percentage of total XP
 D = Non-vault monster count
 E = Vault monster count
 F = Vault count percentage of total count
                 A         B        C        D         E       F
            +---------+---------+-------+---------+---------+-------
      Total |      51 |       5 |   8.9 |      27 |       3 |  10.0
            +---------+---------+-------+---------+---------+-------
        D:1 |      45 |       1 |   2.2 |      24 |       1 |   4.0
        D:2 |       6 |       4 |  40.0 |       3 |       2 |  40.0
            +---------+---------+-------+---------+---------+-------
